 Dungeon Crawl Stone Soup version 0.16-b1 (webtiles) character file.

5145 dysrexia the Destroyer (level 10, -4/45 HPs)
             Began as a Felid Conjurer on Mar 5, 2015.
             Was the Champion of Sif Muna.
             Slain by a black mamba (12 damage)
             ... on level 2 of the Lair of Beasts.
             The game lasted 01:07:51 (12471 turns).

dysrexia the Destroyer (Felid Conjurer)            Turns: 12471, Time: 01:07:51

Health: -4/45      AC:  2    Str:  4    XL:     10   Next: 33%
Magic:  24/36      EV: 18    Int: 20    God:    Sif Muna [******]
Gold:   76         SH:  0    Dex: 17    Spells: 6 memorised, 3 levels left
                                        Lives:  0   Deaths: 3

rFire  . . .     SeeInvis +     (weapon unavailable)
rCold  . . .     Clarity  .     (armour unavailable)
rNeg   . . .     SustAb   .     (shield unavailable)
rPois  +         Gourm    .     (helmet unavailable)
rElec  .         Spirit   .     (cloak unavailable)
rCorr  .         Warding  .     (gloves unavailable)
rMut   .         Stasis   .     (boots unavailable)
MR     +....                    m - amulet of faith
Stlth  ++........               x - ring of poison resistance
                                i - ring of magical power

@: confused, lethally poisoned (-4 -> -41), repel missiles, quick, somewhat
resistant to hostile enchantments, unstealthy
A: paw claws, no armour, no weapons or thrown items, fangs 3, see invisible,
carnivore 3, speed 1, shaggy fur 2, slow metabolism 1, sharp paws
a: Channel Energy, Forget Spell, Renounce Religion


You were on level 2 of the Lair of Beasts.
You worshipped Sif Muna.
Sif Muna was exalted by your worship.
You were very full.

You visited 2 branches of the dungeon, and saw 11 of its levels.
You also visited: Ice Cave.

You collected 376 gold pieces.
You spent 300 gold pieces at shops.

Inventory:

Jewellery
 i - a ring of magical power (left paw)
 m - an amulet of faith (around neck)
 r - an uncursed ring of protection from cold
 x - a ring of poison resistance (right paw)
Magical devices
 f - a wand of random effects (12)
Scrolls
 a - 4 scrolls of amnesia
 e - 2 scrolls of recharging
 g - 4 scrolls of remove curse
 l - a scroll of teleportation
 t - a scroll of identify
Potions
 d - a potion of cancellation
 h - 2 potions of restore abilities
 q - 2 potions of flight
 u - a potion of mutation {unknown}
 v - a potion of agility {unknown}
 A - a potion of degeneration {unknown}
Books
 c - a book of Conjurations

   Spells                             Type                      Level
   a - Magic Dart                     Conjuration                  1
   b - Searing Ray                    Conjuration                  2
   c - Dazzling Spray                 Conjuration/Hexes            3
   d - Fulminant Prism                Conjuration/Hexes            4
   e - Iskenderun's Mystic Blast      Conjuration                  4
   f - Iskenderun's Battlesphere      Conjuration/Charms           5
 k - a book of Air

   Spells                             Type                      Level
   a - Shock                          Conjuration/Air              1
   b - Swiftness                      Charms/Air                   2
   c - Repel Missiles                 Charms/Air                   2
   d - Flight                         Charms/Air                   3
   e - Static Discharge               Conjuration/Air              3
   f - Lightning Bolt                 Conjuration/Air              5
 s - a book of Fire

   Spells                             Type                      Level
   a - Ignite Poison                  Fire/Transmutation           5
   b - Fireball                       Conjuration/Fire             5
   c - Bolt of Fire                   Conjuration/Fire             6
   d - Delayed Fireball               Conjuration/Fire             7
   e - Ring of Flames                 Charms/Fire                  7
 w - Sif Muna's Collected Works on Spatial Bewitchment
   (Sif Muna gifted it to you on level 9 of the Dungeon)

   Spells                             Type                      Level
   a - Corona                         Hexes                        1
   b - Inner Flame                    Hexes/Fire                   3
   c - Tukima's Dance                 Hexes                        3
   d - Recall                         Summoning/Translocation      3
   e - Silence                        Hexes/Air                    5
   f - Phase Shift                    Translocation                5
 y - a book of Envenomations

   Spells                             Type                      Level
   a - Spider Form                    Transmutation/Poison         3
   b - Alistair's Intoxication        Transmutation/Poison         4
   c - Olgreb's Toxic Radiance        Poison                       4
   d - Poisonous Cloud                Conjuration/Poison/Air       6
Comestibles
 b - 4 meat rations
 j - 2 beef jerkies
 n - a slice of pizza
 o - a royal jelly


   Skills:
 - Level 6.0 Fighting
 - Level 2.6 Dodging
 - Level 2.6 Stealth
 - Level 6.2 Spellcasting
 + Level 11.5 Conjurations
 - Level 9.1 Hexes
 - Level 8.0 Charms
 + Level 0.6 Fire Magic


You had 3 spell levels left.
You knew the following spells:

 Your Spells              Type           Power        Failure   Level  Hunger
a - Magic Dart            Conj           ####         1%          1    None
b - Searing Ray           Conj           ######       1%          2    None
c - Dazzling Spray        Conj/Hex       #####...     1%          3    ##.....
d - Repel Missiles        Chrm/Air       ###...       2%          2    None
e - Iskenderun's Battles  Conj/Chrm      #####...     8%          5    #####..
f - Fireball              Conj/Fire      ####......   24%         5    #####..


Dungeon Overview and Level Annotations

Branches:
Dungeon (9/15)             Temple (0/1) D:4            Lair (2/8) D:9
    Orc: D:9-12

Altars:
Gozag
Kikubaaqudgha
Qazlal
Sif Muna
Vehumet
Yredelemnul
Zin
The Shining One

Shops:
D:5 }   D:9 =

Annotations:
D:2 Sigmund
D:6 Menkaure


Innate Abilities, Weirdness & Mutations

You cannot wear armour.
You are incapable of wielding weapons or throwing items.
You have razor-sharp teeth.
You have supernaturally acute eyesight.
You are carnivorous and can eat meat at any time.
You cover ground quickly.
You are covered in thick fur (AC +2).
You have a slow metabolism.
Your paws have sharp claws that are effective at stabbing.


Message History

Casting: Fireball
Confirm with . or Enter, or press ? or * to list all spells.
Aiming: Dazzling Spray
Press: ? - help, Shift-Dir - straight line, f/p - black mamba
Aim: a black mamba (severely wounded)
The spray of energy hits the black mamba.
The black mamba is almost dead.
The black mamba is dazzled.
You feel sick.
The black mamba hisses angrily.
The black mamba bites you!
* * * LOW HITPOINT WARNING * * *
You are more poisoned.
The black mamba poisons you!
Drink which item? (? for menu, Esc to quit)
You are confused.
You feel invigorated.
* * * LOW HITPOINT WARNING * * *
You feel very sick. The black mamba completely misses you.
The black mamba bites you!
You die...

.. # P. ####... ####.+##
###.#...##+## #.......#
#...........#####.......#
#...........##.@+......#
#...........###S#......##
#............##hh.......#
##...........P#.........+..
#............'.>.#......#
#...........#####........
##.........(.# #.#.#....
#..'..######## #..†...#.
###...## ##..#.##


You could see a black mamba (blind) and 2 wolves.

Vanquished Creatures
  A hydra (Lair:1)
  The ghost of datmedicine the Grappler, an experienced TrMo of Cheibriados (D:9)
  Erolcha (D:8)
  Joseph (D:7)
  A spiny frog (Lair:1)
  A komodo dragon (Lair:1)
  A troll (D:9)
  A deep elf mage (D:7)
  5 yaks (D:9)
  A wolf (Lair:2)
  2 hippogriffs
  Edmund (D:8)
  4 water moccasins
  3 porcupines
  A phantom (D:8)
  2 necrophages
  3 black bears
  4 ogres
  3 centaurs
  A sky beast (D:8)
  5 giant frogs
  A gnoll sergeant (D:5)
  Blork the orc (D:4)
  A big kobold (D:9)
  3 wights (D:6)
  10 killer bees
  2 scorpions
  6 crimson imps
  A giant frog skeleton (D:7)
  9 jellies
  8 hounds
  A centaur skeleton (D:9)
  4 orc priests
  6 orc wizards
  5 iguanas
  5 worker ants
  A hound skeleton (D:9)
  A worker ant zombie (D:8)
  16 river rats
  17 adders
  7 gnolls
  A shadow imp (D:7)
  5 white imps (IceCv)
  2 worms (D:2)
  5 ufetubi (IceCv)
  An adder zombie (D:9)
  4 giant geckos
  6 oozes
  24 orcs
  14 bats
  2 bat skeletons
  2 bat zombies
  7 giant cockroaches
  11 hobgoblins
  4 jackals
  3 quokkas
  A ball python (D:3)
  5 giant newts
  16 goblins
  A jackal skeleton (D:7)
  19 kobolds
  A quokka skeleton (D:7)
  17 rats
299 creatures vanquished.

Vanquished Creatures (others)
  3 ufetubi (IceCv)
  A giant spore (D:7)
  A ballistomycete (D:7)
  3 fungi (D:9)
8 creatures vanquished.

Grand Total: 307 creatures vanquished

Notes
Turn   | Place    | Note
--------------------------------------------------------------
     0 | D:1      | dysrexia, the Felid Conjurer, began the quest for the Orb.
     0 | D:1      | Reached XP level 1. HP: 7/7 MP: 4/4
   170 | D:1      | Reached skill level 4 in Conjurations
   173 | D:1      | Reached XP level 2. HP: 11/11 MP: 0/5
   462 | D:1      | Learned a level 2 spell: Searing Ray
   837 | D:2      | Reached XP level 3. HP: 10/14 MP: 8/8
  1122 | D:2      | Noticed Sigmund
  1411 | D:2      | Reached skill level 5 in Conjurations
  1656 | D:3      | Reached XP level 4. HP: 18/18 MP: 2/10
  2219 | D:3      | Learned a level 3 spell: Dazzling Spray
  2235 | D:3      | Reached XP level 5. HP: 21/21 MP: 6/12
  2244 | D:3      | Found a glowing silver altar of Zin.
  2244 | D:3      | Found a glowing golden altar of the Shining One.
  2501 | D:3      | Reached skill level 6 in Conjurations
  2745 | D:3      | Noticed an orc warrior
  2873 | D:4      | Noticed Blork the orc
  2906 | D:4      | Killed Blork the orc
  2906 | D:4      | Reached skill level 1 in Hexes
  2906 | D:4      | Gained mutation: You are covered in thick fur (AC +2). [growing up]
  2906 | D:4      | Reached XP level 6. HP: 16/24 MP: 0/14
  3094 | D:4      | Found a staircase to the Ecumenical Temple.
  3320 | D:4      | Found an opulent altar of Gozag.
  3389 | D:4      | Found a deep blue altar of Sif Muna.
  3393 | D:4      | Became a worshipper of Sif Muna the Loreminder
  3680 | D:5      | Entered Level 5 of the Dungeon
  3701 | D:5      | Found a stormy altar of Qazlal.
  3737 | D:5      | Found Okhlougi's Gadget Emporium.
  3924 | D:5      | You fall through a shaft for 3 floors!
  3927 | D:8      | Reached skill level 7 in Conjurations
  3929 | D:8      | Noticed Edmund
  4075 | D:8      | Noticed a yak
  4075 | D:8      | Noticed a hog
  4075 | D:8      | Noticed a human
  4113 | D:8      | Found a basalt altar of Yredelemnul.
  4313 | D:8      | Noticed a water moccasin
  4339 | D:8      | Succumbed to a water moccasin's poison
  4340 | D:8      | Reached XP level 5. HP: 0/21 MP: 5/12
  4349 | D:8      | Killed a water moccasin
  4349 | D:8      | Reached XP level 6. HP: 24/24 MP: 7/14
  4372 | D:8      | Reached skill level 5 in Hexes
  4589 | D:7      | Acquired Sif Muna's first power
  4617 | D:7      | Reached XP level 7. HP: 19/27 MP: 3/17
  5026 | D:7      | Noticed a deep elf mage
  5033 | D:7      | Killed a deep elf mage
  5033 | D:7      | Reached skill level 8 in Conjurations
  5035 | D:7      | HP: 1/27 [poisoned by a worker ant]
  5038 | D:7      | Succumbed to a worker ant's poison
  5039 | D:7      | Reached XP level 6. HP: 0/24 MP: 2/14
  5114 | D:7      | Acquired Sif Muna's second power
  5114 | D:7      | Reached XP level 7. HP: 27/27 MP: 12/17
  5445 | D:7      | Found a radiant altar of Vehumet.
  6332 | D:5      | Reached skill level 9 in Conjurations
  6533 | D:5      | Reached XP level 8. HP: 31/31 MP: 18/18
  7237 | D:6      | Learned a level 2 spell: Repel Missiles
  7245 | D:6      | Learned a level 5 spell: Iskenderun's Battlesphere
  7526 | D:6      | Noticed Menkaure
  7856 | D:7      | Noticed Joseph
  7864 | D:7      | Killed Joseph
  7864 | D:7      | Acquired Sif Muna's third power
  8082 | D:8      | Noticed Erolcha
  8111 | D:8      | Killed Erolcha
  8111 | D:8      | Reached skill level 10 in Conjurations
  8111 | D:8      | Reached XP level 9. HP: 34/34 MP: 8/23
  8302 | D:8      | Killed Edmund
  8586 | D:8      | Reached skill level 5 in Charms
  9019 | D:8      | Found an ancient bone altar of Kikubaaqudgha.
  9255 | D:9      | Noticed datmedicine's ghost (experienced TrMo)
  9608 | D:9      | Found a staircase to the Lair.
  9670 | D:9      | Killed datmedicine's ghost
  9670 | D:9      | Received a gift from Sif Muna
  9670 | D:9      | Reached skill level 11 in Conjurations
  9670 | D:9      | Reached XP level 10. HP: 10/37 MP: 10/24
  9673 | D:9      | Identified Sif Muna's Collected Works on Spatial Bewitchment (Sif Muna gifted it to you on level 9 of the Dungeon)
 10143 | D:9      | Found Uca Ruuf's Jewellery Boutique.
 10209 | D:9      | Reached skill level 1 in Fighting
 10507 | D:9      | Reached skill level 5 in Spellcasting
 11279 | Lair:1   | Entered Level 1 of the Lair of Beasts
 11541 | Lair:1   | Found a frozen archway.
 11556 | IceCv    | Entered an ice cave
 11586 | IceCv    | Noticed an ice statue
 11586 | IceCv    | Noticed an ice statue
 11765 | Lair:1   | Found a labyrinth entrance.
 11851 | Lair:1   | Shot with an arrow by a centaur
 11852 | Lair:1   | Reached XP level 9. HP: 0/39 MP: 14/34
 11901 | Lair:1   | Learned a level 5 spell: Fireball
 12004 | Lair:1   | Noticed a seven-headed hydra
 12009 | Lair:1   | Killed a seven-headed hydra
 12009 | Lair:1   | Reached skill level 5 in Fighting
 12009 | Lair:1   | Reached XP level 10. HP: 39/44 MP: 15/27
 12155 | D:9      | Bought an uncursed ring of poison resistance for 300 gold pieces
 12457 | Lair:2   | Noticed a black mamba
 12471 | Lair:2   | Slain by a black mamba

Action                   |  1- 3 |  4- 6 |  7- 9 | 10-12 || total
-------------------------+-------+-------+-------+-------++-------
Melee: Unarmed           |    30 |    17 |    16 |    14 ||    77
 Cast: Magic Dart        |    91 |   137 |   165 |   110 ||   503
       Searing Ray       |     2 |    23 |    27 |     4 ||    56
       Dazzling Spray    |       |     7 |   121 |    66 ||   194
       Repel Missiles    |       |       |     2 |     1 ||     3
       Fireball          |       |       |     2 |       ||     2
       Iskenderun's Batt |       |       |     1 |    19 ||    20
Invok: Channel Energy    |       |       |     5 |       ||     5
  Use: Scroll            |     7 |     1 |     5 |       ||    13
       Potion            |       |     3 |     5 |     1 ||     9
 Stab: Sleeping          |     3 |       |     2 |       ||     5
       Distracted        |     1 |       |       |       ||     1
  Eat: Chunk             |     9 |     9 |    26 |    12 ||    56
